AoeStats
← mryendl2410

Oasis

509816629Analyzed
2v2 RM · 4d ago on Sep 28, 2026· 34m 21s· 4 players
Game mode
Random Map
Map size
Medium (4 player)
Population
200
Speed
Normal
Resources
Standard
Victory
Conquest
Starting age
Dark Age
Ending age
Imperial Age
RankedLock teamsTeams togetherTeam positionsShared explorationLock speedFull tech treeHidden civsTurbo modeCheats
Victory
Defeat
🇻🇳 Britons · Vietnam
1343
+14
🇭🇰 Varangians · Hong Kong SAR China
1323
+15
🇧🇷 Koreans · Brazil
1339
-16
🇦🇷 Malay · Argentina
1256
-13
Publius Varus
8:08 Loom
11:15 Feudal Age
15:44 Castle Age
15:05 Double-Bit Axe
15:45 Gold Mining
20:13 Scale Mail Armor
20:53 Squires
27:50 Bow Saw
30:35 Fletching
CrisTheOne
8:11 Loom
10:48 Feudal Age
10:18 Man-at-Arms
11:36 Double-Bit Axe
14:54 Arson
18:16 Forging
28:53 Castle Age
28:21 Long Swordsman
29:01 Squires
Dragerwoods
7:53 Loom
12:34 Feudal Age
12:37 Man-at-Arms
13:04 Double-Bit Axe
14:22 Horse Collar
16:52 Bloodlines
20:36 Fletching
25:54 Castle Age
24:55 Scale Barding Armor
27:06 Forging
26:34 Light Cavalry
27:49 Husbandry
28:46 Chain Barding Armor
30:32 Town Watch
31:26 Wheelbarrow
31:38 Bow Saw
33:29 Gold Mining
mryendl2410
5:12 Loom
11:02 Feudal Age
13:44 Fletching
18:05 Castle Age
16:14 Double-Bit Axe
17:23 Gold Mining
18:26 Padded Archer Armor
18:23 Crossbowman
19:15 Bodkin Arrow
21:43 Leather Archer Armor
26:02 Bow Saw
26:21 Horse Collar
29:51 Ballistics
Connection lost

Rejoining the realm…

Still unreachable

The connection could not be restored.

Session expired

The server has moved on; the page needs a fresh start.